 Dungeon Crawl Stone Soup version 0.31-a0-369-g8eba5f6939 (webtiles) character file.

Game seed: 2339457708901354493

20 shadowstone the Conjurer (level 2, 0/2 (18) HPs)
             Began as a Gargoyle Reaver on July 28, 2023.
             Slain by a bat (1 damage)
             ... on level 1 of the Dungeon.
             The game lasted 00:04:14 (684 turns).

shadowstone the Conjurer (Gargoyle Reaver)           Turns: 684, Time: 00:04:15

HP:   0/2 (18)      AC:  6    Str: 15    XL:     2   Next: 79%
MP:   5/5           EV: 11    Int: 13    God:
Gold: 31            SH:  0    Dex:  8    Spells: 4/5 levels left

rFire   . . .        a - +0 falchion
rCold   . . .        (no shield)
rNeg    + . .        b - +0 leather armour
rPois   ∞            e - +0 helmet
rElec   +            (no cloak)
rCorr   .            (no gloves)
SInv    .            (no boots)
Will    .....        (no amulet)
Stlth   +            (no ring)
HPRegen 0.20/turn    (no ring)
MPRegen 0.09/turn

%: no passive effects
@: extremely drained
A: sickness immunity, AC +2, negative energy resistance 1, electricity
resistance, torment resistance 1, petrification resistance
a: no special abilities


You were on level 1 of the Dungeon.
You visited 1 branch of the dungeon, and saw 1 of its levels.

You collected 31 gold pieces.

Inventory:

Hand Weapons
 a - a +0 falchion (weapon)
 h - a +0 war axe
 i - a +0 spear
Armour
 b - a +0 leather armour (worn)
 e - a +0 helmet (worn)
Scrolls
 c - a scroll of blinking {unknown}
 f - a scroll of enchant armour {unknown}
 g - a scroll of vulnerability {unknown}
Potions
 d - 2 potions of heal wounds {unknown}


   Skills:
 + Level 2.3 Fighting
 + Level 3.0 Long Blades
 * Level 0.9 Armour
 + Level 1.6 Dodging
 + Level 2.1 Spellcasting
 + Level 3.5 Conjurations


You had 4 spell levels left.
You knew the following spells:

 Your Spells              Type           Power      Damage    Failure   Level
a - Kiss of Death         Conj/Necr      20%        2d7       16%         1

Your spell library contained the following spells:

 Spells                   Type           Power      Damage    Failure   Level
 Momentum Strike          Conj/Tloc      10%        3d8       22%         2
 Hailstorm                Conj/Ice       5%         3d4       41%         3
 Ensorcelled Hibernation  Hex/Ice        2%         N/A       43%         2
 Anguish                  Hex/Necr       0%         N/A       97%         4


Dungeon Overview and Level Annotations

Branches:
Dungeon (1/15)

Altars:


Innate Abilities, Weirdness & Mutations

You are immune to sickness and miasma.
Your stone body is resilient. (AC +2)
You are immune to poison.
You resist negative energy. (rN+)
You are resistant to electric shocks. (rElec)
You are resistant to unholy torment.
You are immune to petrification.


Message History

a - a +0 falchion (weapon)
You hit the bush but do no damage.
An endoplasm comes into view.
The endoplasm quivers.
The endoplasm hits you.
Casting: Kiss of Death (safe; 16% risk of failure)
Confirm with . or Enter, or press ? or * to list all spells.
Aiming: Kiss of Death (safe; 16% risk of failure)
Press: ? - help, Shift-Dir - straight line, f - endoplasm
Aim: an endoplasm (100% to hit)
The negative energy hits the endoplasm!
The endoplasm is drained!
You kill the endoplasm!
You feel drained.
Found 12 gold pieces.
You now have 13 gold pieces (gained 12).
You now have 24 gold pieces (gained 11).
Found a stone staircase leading down.
You now have 31 gold pieces (gained 7).
There is a stone staircase leading down here.
There is a stone staircase leading down here.
A bat comes into view.
The bat misses you. The bat hits you but does no damage.
The bat barely misses you.
You closely miss the bat. The bat hits you but does no damage.
The bat hits you but does no damage. x2
The bat hits you but does no damage. The bat misses you.
You closely miss the bat. The bat hits you but does no damage.
The bat closely misses you. The bat hits you but does no damage.
You barely miss the bat. The bat hits you but does no damage.
The bat closely misses you. x2
The bat closely misses you.
You closely miss the bat. The bat hits you but does no damage.
The bat hits you.
Ouch! That really hurt!
The bat closely misses you. The bat hits you.
Ouch! That really hurt!
You die...

#.#######..#....###..
#.# #..#....# #.. #.#
#..#....# #..
#.##########....####.
#.##.......#.........
#.##.#####.#.########
#.##.# #...##......
#.##b##########.#####
#...@......# .#....
####.#####.# .....
#.# #.##. #.# #.#
#.##. #.#
#.######.... #.#
#.#.......## #.#
#.#.......#.
#.#####.#.........
#.......#.........


You could see a bat.

Vanquished Creatures
  3 endoplasms (D:1)
  2 giant cockroaches (D:1)
  4 hobgoblins (D:1)
  A quokka (D:1)
  2 ball pythons (D:1)
  3 bats (D:1)
  A frilled lizard (D:1)
  A goblin (D:1)
  A kobold (D:1)
  A rat (D:1)
19 creatures vanquished.

Notes
Turn   | Place    | Note
-------+----------+-------------------------------------------
     0 | D:1      | shadowstone the Gargoyle Reaver began the quest for the
                  | Orb.
     0 | D:1      | Reached XP level 1. HP: 12/12 MP: 3/3
   200 | D:1      | Reached XP level 2. HP: 12/18 MP: 5/5
   684 | D:1      | Slain by a bat

Illustrated notes

Levels and vault maps discovered:
D:1:      sevenhm_arrival_forest_fort_large_4, layout_basic, serial_forest,
          infiniplex_forest_join, infiniplex_forest_straight_2,
          infiniplex_forest_lined_room_2, infiniplex_forest_clump_small,
          infiniplex_forest_lined_room_2, infiniplex_forest_lined_ring,
          infiniplex_forest_clump_C

Skill      XL: |  1  2 |
---------------+-------+-----
Long Blades    | 3 |  3.0
Fighting       | |  2.3
Armour         | |  0.9
Dodging        | |  1.6
Spellcasting   | |  2.1
Conjurations   | |  3.5

Action                     || total
---------------------------++-------
  Melee: Falchion          ||    57
         War axe           ||     3
   Cast: Kiss of Death     ||     5
 Armour: Leather armour    ||    40
  Dodge: Dodged            ||    60

Table legend: (Time is in decaauts)
 A = Elapsed time spent in this place.
 B = Non-inter-level travel time spent in this place.
 C = Inter-level travel time spent in this place.
 D = Time resting spent in this place.
 E = Time spent auto-exploring this place.
 F = Levels seen in this place.
 G = Mean time per level.
                   A        B        C        D        E       F      G
               +--------+--------+--------+--------+--------+-----+--------+
         Total |    693 |    693 |      0 |     26 |    178 |   1 |  693.0 |
       Dungeon |    693 |    693 |      0 |     26 |    178 |   1 |  693.0 |
               +--------+--------+--------+--------+--------+-----+--------+

Top non-repeatable levels by time:
     D:1: 693 daAuts
